 Dungeon Sprint DCSS version 0.31-a0-636-ge1c0e020e0 (webtiles) character file.

Game seed: 17681354628142501728

2237 Conn the Arsonist (level 9, -1/79 HPs)
             Began as an Octopode Fire Elementalist on Aug 26, 2023.
             Was a Priest of Sif Muna.
             Engulfed by a cloud of flame (2 damage)
             ... in the Dungeon (Sprint II: "The Violet Keep of Menkaure").
             The game lasted 00:08:40 (477 turns).

Conn the Arsonist (Octopode Fire Elementalist)       Turns: 477, Time: 00:08:40

Health: -1/79      AC: 24    Str:  6    XL:     9   Next: 36%
Magic:  2/24       EV:  2    Int: 21    God:    Sif Muna [***...]
Gold:   93         SH:  0    Dex: 12    Spells: 20/30 levels left

rFire   + .          .
                       - Unarmed
rCold   x . .        (no shield)
rNeg    . . .        (helmet currently unavailable)
rPois   +            (no amulet)
rElec   .            d - ring of fire
rCorr   .            (no ring)
SInv    .            (no ring)
Will    .....        (no ring)
Stlth   +++          (no ring)
HPRegen 0.33/turn    (no ring)
MPRegen 0.19/turn    (no ring)
                     (no ring)

%: no teleportation
@: tree-form, very slow
A: stationary, stasis, torment immunity, boosted hp, almost no armour,
(amphibious), 8 rings, (camouflage 1), (gelatinous body 1), (nimble swimmer 1),
(tentacles), screaming 1, weak 1
a: Renounce Religion, Channel Magic, Forget Spell


You were in the Dungeon.
You worshipped Sif Muna.
Sif Muna was most pleased with you.
You were a tree.
You visited 1 branch You collected 729 gold pieces.
You spent 636 gold pieces at shops.

Inventory:

Jewellery
 d - a ring of fire (left branch)
Scrolls
 f - 3 scrolls of blinking
Potions
 a - 3 potions of magic
 e - a potion of lignification


   Skills:
 + Level 1.2 Fighting
 + Level 7.1 Dodging
 - Level 5.9 Stealth
 - Level 2.2 Unarmed Combat
 * Level 11.4 Spellcasting
 * Level 7.2 Conjurations
 + Level 1.1 Hexes
 + Level 13.2 Fire Magic


You had 20 spell levels left.
You knew the following spells:

 Your Spells              Type           Power      Damage    Failure   Level
a - Foxfire               Conj/Fire      100%       2x1d9     1%          1
b - Scorch                Fire           100%       2d9       1%          2
c - Inner Flame           Hex/Fire       59%        N/A       1%          3
d - Flame Wave            Conj/Fire      70%        2d16      1%          4

Your spell library contained the following spells:

 Spells                   Type           Power      Damage    Failure   Level
 Volatile Blastmotes      Fire/Tloc      100%       2d18      1%          3


Dungeon Overview and Level Annotations

Branches:
Dungeon (1/1)

Altars:
Cheibriados
Dithmenos
Elyvilon
Fedhas
Gozag
Hepliaklqana
Kikubaaqudgha
Makhleb
Nemelex Xobeh
Okawaru
Qazlal
Ru
Sif Muna
Trog
Uskayaw
Vehumet
Wu Jian
Xom
Yredelemnul
Zin
The Shining One
Jiyva
Lugonu

Shops:
D (*:[*[(?:!==!=(

Annotations:
D exclusions: oklob plant and orange crystal statue, Roxanne


Innate Abilities, Weirdness & Mutations

You are a tree.
Your roots penetrate the ground, keeping you stationary.
You cannot be teleported.
You are immune to unholy pain and torment.
Your maximum health is greatly increased.
You cannot wear most types of armour.
((You are amphibious.))
You can wear up to eight rings at the same time.
((Your skin changes colour to match your surroundings (Stealth+).))
((Your rubbery body absorbs attacks. (AC +1, EV +1)))
((You are camouflaged when in or above water. (Stealth+)))
((You have tentacles for arms and can constrict up to eight enemies at once.))
You occasionally shout uncontrollably at your foes.
You are weak. (Str -2)


Message History

Unknown command.
You are engulfed in blazing flames.
You resist.
You are engulfed in blazing flames.
You resist.
You are engulfed in blazing flames.
You resist.
* * * LOW HITPOINT WARNING * * *
You are engulfed in blazing flames.
You resist.
* * * LOW HITPOINT WARNING * * *
You are engulfed in blazing flames.
You resist.
* * * LOW HITPOINT WARNING * * *
You are engulfed in blazing flames.
You resist.
You are engulfed in blazing flames.
You resist.
* * * LOW HITPOINT WARNING * * *
You are engulfed in blazing flames.
You resist.
* * * LOW HITPOINT WARNING * * *
You feel better.
You are engulfed in blazing flames.
You resist.
* * * LOW HITPOINT WARNING * * *
Okay, then.
Unknown command.
Unknown command.
Unknown command.
Unknown command.
Okay, then.
Unknown command.
Unknown command.
You are engulfed in blazing flames.
You resist.
* * * LOW HITPOINT WARNING * * *
Press: ? - help, v - describe, . - travel Some shallow water.
There is a cloud of flame here.
Unknown command.
Unknown command.
Okay, then.
Unknown command.
You are engulfed in blazing flames.
You resist.
* * * LOW HITPOINT WARNING * * *
Unknown command.
Unknown command.
Unknown command.
You are engulfed in blazing flames.
You resist.
You die...

# #### +^##. °▓$![[($[[▓▓
...# ...# ##▓$[$!=!)[▓▓
#..## #..# $#▓("(!|$?[▓▓
##..# +.^# y#▓?!$!:[[!▓▓
.#..# #..# h#▓[!["![!(▓▓
.'..####..##.#▓=?!$$$!=▓▓
.#....###^..##▓▓▓▓▓▓▓+▓▓▓▓
##......~~~~~§)§♣~~~~...Xw
#~~.....~#'########+###.≈w
~~~~~~..~#.._.....#SS~#
~~§~~~~.~#._._....#S~≈≈#
~≈≈≈~~~~~#_._._...#~~~§§#
~~≈≈≈≈~~~#._._._..#~§~§§§
~≈≈≈≈≈§§§#_._._._.#§§§~~≈
#≈≈≈###§§#._._._._#~~~~§§
##≈≈# #≈≈#_._._._.#§


You could see 3 water moccasins.

Vanquished Creatures
  A yaktaur (D)
  3 polar bears (D)
  A hornet (D)
  2 wyverns (D)
  4 neqoxecs (D)
  Menkaure (D)
  5 scorpions (D)
17 creatures vanquished.

Vanquished Creatures (others)
  A water moccasin (D)
  12 foxfires (D)
  8 tentacles (D)
21 creatures vanquished.

Grand Total: 38 creatures vanquished

Notes
Turn   | Place    | Note
-------+----------+-------------------------------------------
     0 | D        | Conn the Octopode Fire Elementalist began the quest for the
                  | Orb.
     0 | D        | Reached XP level 1. HP: 11/11 MP: 3/3
     1 | D        | Noticed a wyvern
     1 | D        | Noticed a wyvern
     4 | D        | Noticed a boulder beetle
     4 | D        | Noticed a boulder beetle
     7 | D        | Noticed a neqoxec
    13 | D        | Noticed a neqoxec
    14 | D        | Gained mutation: You are weak. (Str -2) [a neqoxec]
    15 | D        | Killed a neqoxec
    15 | D        | Noticed a neqoxec
    16 | D        | Reached skill level 1 in Unarmed Combat
    16 | D        | Reached skill level 7 in Fire Magic
    16 | D        | Reached XP level 2. HP: 17/17 MP: 4/7
    16 | D        | Reached XP level 3. HP: 21/21 MP: 4/8
    16 | D        | Reached XP level 4. HP: 27/27 MP: 5/10
    16 | D        | Reached XP level 5. HP: 31/31 MP: 5/11
    19 | D        | Killed a neqoxec
    20 | D        | Reached skill level 5 in Stealth
    20 | D        | Reached skill level 5 in Spellcasting
    20 | D        | Reached skill level 9 in Fire Magic
    20 | D        | Reached XP level 6. HP: 36/36 MP: 5/13
    23 | D        | Killed a neqoxec
    24 | D        | Reached skill level 5 in Dodging
    24 | D        | Reached skill level 10 in Fire Magic
    29 | D        | Learned a level 2 spell: Scorch
    33 | D        | Learned a level 3 spell: Inner Flame
    38 | D        | Learned a level 4 spell: Flame Wave
    47 | D        | Noticed a water moccasin
    49 | D        | Killed a water moccasin
    52 | D        | Noticed a neqoxec
    56 | D        | Gained mutation: You occasionally shout uncontrollably at
                  | your foes. [a neqoxec]
    58 | D        | Killed a neqoxec
    59 | D        | Reached XP level 7. HP: 41/41 MP: 1/17
    68 | D        | Found a stormy altar of Qazlal.
    68 | D        | Found an ornate altar of the Wu Jian Council.
    69 | D        | Found a hazy altar of Hepliaklqana.
    69 | D        | Found a sacrificial altar of Ru.
    70 | D        | Found a viscous altar of Jiyva.
    70 | D        | Found a shimmering blue altar of Sif Muna.
    71 | D        | Found a snail-covered altar of Cheibriados.
    71 | D        | Found an ancient bone altar of Kikubaaqudgha.
    71 | D        | Found a shimmering altar of Xom.
    71 | D        | Found a bloodstained altar of Trog.
    72 | D        | Found a shadowy altar of Dithmenos.
    72 | D        | Found a corrupted altar of Lugonu.
    73 | D        | Found a white marble altar of Elyvilon.
    73 | D        | Found a burning altar of Makhleb.
    74 | D        | Found a blossoming altar of Fedhas.
    76 | D        | Found an opulent altar of Gozag.
    76 | D        | Found a glowing golden altar of the Shining One.
    76 | D        | Found a basalt altar of Yredelemnul.
    76 | D        | Found a hide-covered altar of Uskayaw.
    76 | D        | Found a sparkling altar of Nemelex Xobeh.
    77 | D        | Found a glowing silver altar of Zin.
    77 | D        | Found a radiant altar of Vehumet.
    77 | D        | Found an iron altar of Okawaru.
    82 | D        | Became a worshipper of Sif Muna the Loreminder
    95 | D        | Noticed a kraken
   106 | D        | Noticed a polar bear
   119 | D        | Noticed Menkaure
   120 | D        | Noticed Roxanne
   122 | D        | Killed Menkaure
   123 | D        | Reached skill level 11 in Fire Magic
   197 | D        | Reached * piety under Sif Muna
   200 | D        | Reached skill level 5 in Conjurations
   296 | D        | Killed a wyvern
   297 | D        | Reached skill level 12 in Fire Magic
   297 | D        | Reached XP level 8. HP: 30/46 MP: 11/20
   299 | D        | Killed a wyvern
   299 | D        | Reached ** piety under Sif Muna
   311 | D        | Found Qustoazi's Jewellery Boutique.
   311 | D        | Found Momiusch's Jewellery Shop.
   311 | D        | Found Husox's Distillery.
   311 | D        | Found Diutweuvec's Book Shop.
   312 | D        | Found Busuek's Antique Weapon Shop.
   312 | D        | Found Cyj Ulou's Jewellery Shop.
   312 | D        | Found Bovvem's Magic Scroll Shop.
   313 | D        | Found Geixaorch's Antique Weapon Shop.
   313 | D        | Found Zeoskeczowku's Antique Armour Boutique.
   313 | D        | Noticed a yak
   314 | D        | Found Hyecol's Distillery.
   314 | D        | Noticed a yak
   315 | D        | Found Ezixzo Ruiw's General Store.
   315 | D        | Found Duonem's Antique Armour Boutique.
   315 | D        | Noticed a yak
   315 | D        | Noticed an oklob plant
   316 | D        | Found Ritoa's General Store.
   316 | D        | Found Noconoq's Weapon Boutique.
   316 | D        | Found Parac's Book Shoppe.
   334 | D        | Noticed a flying skull
   335 | D        | Bought a ring of fire for 350 gold pieces
   346 | D        | Bought a potion of lignification for 33 gold pieces
   346 | D        | Bought a potion of lignification for 33 gold pieces
   346 | D        | Bought a potion of heal wounds for 55 gold pieces
   347 | D        | Bought 2 scrolls of blinking for 165 gold pieces
   410 | D        | Noticed an orange crystal statue
   427 | D        | Noticed a yaktaur
   427 | D        | Noticed a hornet
   427 | D        | Noticed a polar bear
   433 | D        | Killed a polar bear
   449 | D        | Noticed a polar bear
   457 | D        | Killed a polar bear
   458 | D        | Reached skill level 10 in Spellcasting
   460 | D        | Killed a hornet
   460 | D        | Reached *** piety under Sif Muna
   461 | D        | Reached XP level 9. HP: 46/52 MP: 1/23
   465 | D        | Killed a yaktaur
   465 | D        | Killed a polar bear
   466 | D        | Reached skill level 1 in Fighting
   466 | D        | Reached skill level 1 in Hexes
   466 | D        | Reached skill level 13 in Fire Magic
   475 | D        | HP: 2/79 [cloud of flame (5)]
   477 | D        | Engulfed by a cloud of flame

Illustrated notes

Levels and vault maps discovered:
D:        the_violet_keep_of_menkaure [sprint2_stairs_cluster_1,
          sprint2_shoproom, sprint2_temple, sprint2_basic_supplies,
          sprint2_obstacle_4, sprint2_obstacle_2, sprint2_obstacle_6,
          sprint2_obstacle_1, sprint2_obstacle_3, sprint2_timed_cluster_1,
          sprint2_smallroom_cluster_1, sprint2_smallroom_final_cluster_1,
          sprint2_transparent_cluster_1, sprint2_second_timed_cluster_1,
          sprint2_sniper_area_1, sprint2_heavy_combat_area_1,
          sprint2_mutation_trap_area_1, sprint2_forest_area_1,
          sprint2_light_combat_area_1, sprint2_behind_water_1,
          sprint2_near_end_vault_1]

Skill      XL: |  1  2  3  4  5  6  7  8  9 |
---------------+----------------------------+-----
Dodging        | 3 4 5 6 7 |  7.1
Stealth        | 4 5 |  5.9
Unarmed Combat | 1 2 |  2.2
Spellcasting   | 4 5 6 8 10 11 | 11.4
Fire Magic     | 7 9 10 12 13 | 13.2
Conjurations   | 3 5 6 7 |  7.2
Fighting       | 1 |  1.2
Hexes          | 1 |  1.1

Action                     |  1- 3 |  4- 6 |  7- 9 || total
---------------------------+-------+-------+-------++-------
  Melee: Unarmed           |     4 |     8 |       ||    12
         Tentacles         |     2 |     2 |       ||     4
         Constrict         |     1 |     2 |       ||     3
   Cast: Foxfire           |       |     8 |     1 ||     9
         Scorch            |       |       |    11 ||    11
         Flame Wave        |       |       |     5 ||     5
         Inner Flame       |       |       |     2 ||     2
    Use: Potion            |     2 |       |     4 ||     6
 Armour: Skin              |     1 |       |    17 ||    18
  Dodge: Dodged            |       |     2 |    16 ||    18

Table legend: (Time is in decaauts)
 A = Elapsed time spent in this place.
 B = Non-inter-level travel time spent in this place.
 C = Inter-level travel time spent in this place.
 D = Time resting spent in this place.
 E = Time spent auto-exploring this place.
 F = Levels seen in this place.
 G = Mean time per level.
                   A        B        C        D        E       F      G
               +--------+--------+--------+--------+--------+-----+--------+
         Total |    468 |    468 |      0 |    178 |      0 |   1 |  468.0 |
       Dungeon |    468 |    468 |      0 |    178 |      0 |   1 |  468.0 |
               +--------+--------+--------+--------+--------+-----+--------+

Top non-repeatable levels by time:
       D: 468 daAuts
